cohdb
Replays
Latest Replays
All Replays
Popular Replays
Top Player Replays
Match Explorer
How It Works
Community
CoH3 Stats
Reddit
Sign in to upload your games and track your stats! →
Sign in with Steam
Match 40958081
Unlisted
Match 40958081
Overview
Messages
Build Orders
End
Panzergrenadier Squad
Selects Panzerjäger Kommand Battlegroup
Selects Blockade Equipment
250 Light Carrier
Panzergrenadier Squad
Panzergrenadier Squad
Construct Light Support Kompanie
2.5-tonne Medical Truck
Combat Half-tracks
MG34 Team
Fire Support Elements
Selects Defensive Positions
le.IG 18 Mechanized Group
Selects Tank Busters
Panzerjäger Squad
Panzerjäger Squad
Panzergrenadier Squad
Construct Panzerarmee Kommand
Selects Butterfly Bomb Drop
Selects Crew Shock Tactics
Panzer III L Medium Tank
Panzer III L Medium Tank
Vehicle Survival Package
Veteran Squad Leaders
Emergency Repair Kits
Butterfly Bomb Drop
Tungsten Core Ammunition
Rapid Advance
Selects Elefant Tank Destroyer
Butterfly Bomb Drop
Elefant Tank Destroyer
Panzerjäger Squad
Crew Shock Tactics
KoMoDЫ4
UA - ♠ $imA ♠
Mr.Faraam
jack.lee
GATE
PlammX
Sparkle
Wheeler
0
0
Comments
sign in to comment!
No comments posted yet!